 Dungeon Crawl Stone Soup version 0.19.0-11-g3fc08b3 (webtiles) character file.

2581 Haldmier the Destroyer (level 9, -1/58 HPs)
             Began as a High Elf Fire Elementalist on Nov 10, 2016.
             Was a Believer of Vehumet.
             Slain by a mottled dragon (12 damage)
             ... on level 7 of the Dungeon.
             The game lasted 00:33:52 (7867 turns).

Haldmier the Destroyer (High Elf Fire Elementalist) Turns: 7867, Time: 00:33:53

Health: -1/58      AC:  5    Str: 13    XL:     9   Next: 32%
Magic:  17/18      EV: 12    Int: 20    God:    Vehumet [**....]
Gold:   121        SH:  0    Dex: 16    Spells: 4 memorised, 8 levels left

rFire  . . .     SeeInvis .     u - +3 short sword
rCold  . . .     Gourm    .     a - +0 leather armour of Grace {*Contam rPois Str+3}
rNeg   . . .     Faith    .     (no shield)
rPois  +         Spirit   .     (no helmet)
rElec  .         Reflect  .     e - +1 cloak
rCorr  .         Harm     .     (no gloves)
MR     .....                    (no boots)
Stlth  +.........               d - amulet of rage
                                w - ring of poison resistance
                                l - ring of flight

@: liquid flames, about to teleport, glowing
A: wild magic 1
a: Renounce Religion, Evoke Berserk Rage, Evoke Flight


You were on level 7 of the Dungeon.
You worshipped Vehumet.
Vehumet was pleased with you.
You were not hungry.

You visited 2 branches of the dungeon, and saw 8 of its levels.
You also visited: Sewer and Ossuary.

You collected 263 gold pieces.
You spent 142 gold pieces at shops.

Inventory:

Hand Weapons
 n - a +0 dagger of speed
 u - a +3 short sword (weapon)
 E - a cursed -2 falchion
Missiles
 y - 5 tomahawks (quivered)
Armour
 a - the +0 leather armour of Grace (worn) {*Contam rPois Str+3}
   (You found it on level 7 of the Dungeon)

   It affects your strength (+3).
   It protects you from poison.
   It causes magical contamination when unequipped.
 e - a +1 cloak (worn)
 h - a +0 shield
 m - a +0 ring mail
 r - the +0 robe of Xyjoymm {rF+}
   (You bought it in a shop on level 4 of the Dungeon)

   It protects you from fire.
Jewellery
 d - an amulet of rage (around neck)
 l - a ring of flight (left hand)
 w - a ring of poison resistance (right hand)
Wands
 k - a wand of teleportation (0/9)
Scrolls
 i - 2 scrolls of fog {unknown}
 o - 2 scrolls of fear
 p - 3 scrolls of remove curse
 x - 2 scrolls of enchant weapon {unknown}
 z - 2 scrolls of teleportation {unknown}
 C - 2 scrolls of summoning {unknown}
 D - 2 scrolls of blinking {unknown}
 F - a scroll of recharging {unknown}
 L - a scroll of magic mapping {unknown}
Potions
 f - 4 potions of cancellation
 g - 2 potions of magic
 q - 2 potions of heal wounds
 s - 2 potions of curing
 v - a potion of invisibility
 B - 2 potions of flight
 G - a potion of might
 H - a potion of cure mutation {unknown}
 J - a potion of berserk rage {unknown}
 K - a potion of ambrosia
Books
 b - a book of Flames

   Spells                             Type                      Level
   a - Flame Tongue                   Conjuration/Fire             1
   b - Throw Flame                    Conjuration/Fire             2
   c - Conjure Flame                  Conjuration/Fire             3
   d - Inner Flame                    Hexes/Fire                   3
   e - Sticky Flame                   Conjuration/Fire             4
   f - Fireball                       Conjuration/Fire             5
Comestibles
 c - 8 bread rations
 j - a chunk of flesh
 t - 10 meat rations


   Skills:
 + Level 3.8 Fighting
 - Level 2.1 Dodging
 - Level 2.1 Stealth
 + Level 5.3 Spellcasting
 + Level 8.9 Conjurations
 + Level 8.3 Fire Magic


You had 8 spell levels left.
You knew the following spells:

 Your Spells              Type           Power        Failure   Level  Hunger
a - Flame Tongue          Conj/Fire      #####        1%          1    None
b - Throw Flame           Conj/Fire      ######       1%          2    None
c - Conjure Flame         Conj/Fire      ######..     2%          3    ##.....
d - Sticky Flame          Conj/Fire      ######..     8%          4    ####...


Dungeon Overview and Level Annotations

Branches:
Dungeon (7/15)             Temple (1/1) D:6

Altars:
Ashenzari
Cheibriados
Dithmenos
Elyvilon
Fedhas
Gozag
Kikubaaqudgha
Makhleb
Nemelex Xobeh
Qazlal
Ru
Sif Muna
Trog
Uskayaw
Vehumet
Yredelemnul
The Shining One

Shops:
D:4 [   D:6 *   D:7 (

Annotations:
D:2 Sigmund


Innate Abilities, Weirdness & Mutations

Your spells are a little harder to cast, but a little more powerful.


Message History

The sticky flame hits you!
You are covered in liquid flames!
Press: ? - help, v - describe, . - travel
Here: a mottled dragon (lightly wounded, catching its breath)
An open door.
You are covered in liquid flames!
The mottled dragon bites you!
The mottled dragon claws you but does no damage.
You are covered in liquid flames!
You are covered in liquid flames!
* * * LOW HITPOINT WARNING * * *
Evoke which item? (* to show all) (? for menu, Esc to quit)
Zapping:
k - a wand of teleportation (will waste charges)
Press: ? - help, Shift-Dir - straight line, f - you, p - mottled dragon You feel strangely unstable.
Evoking this partially-identified wand wasted a few charges.
You are covered in liquid flames!
* * * LOW HITPOINT WARNING * * *
The mottled dragon bites you!
You die...

#8.∩.8...# #.⌠.⌠..###
#############8.8.8###############
.................)..))....#......
############..###########...<....
#..#..'?.=# ##....... ##
#..#.r#)"$# #....... .# #..#.D#
.?# ##...... .# #..#.@#####
#.[.... .# #..#......# #...... .#
#..#......# #......
.####..#####..#####..# #......
....#......#..#......# ######'###
.##.#......#..#......# #.........
..# #####Z.#..#..##### #.........
#.# .....#..#......#...#####'##
#'# ......#..#......#....##.^^..


You could see a mottled dragon, a quokka and a bullfrog skeleton.

Vanquished Creatures
  A hippogriff (D:7)
  A spriggan (D:7)
  Purgy (Sewer)
  A sky beast (D:5)
  A hornet zombie (D:7)
  An ice beast (D:7)
  A phantom (D:7)
  3 centaurs
  3 ogres
  A big kobold (D:7)
  3 bullfrogs
  A water moccasin skeleton (D:7)
  A killer bee (D:7)
  3 crimson imps
  A bullfrog zombie (D:7)
  3 jellies
  An orc priest (D:7)
  4 hounds
  Crazy Yiuf (D:2)
  A bullfrog skeleton (D:4)
  An iguana (D:4)
  Jessica (D:2)
  An orc wizard (D:6)
  3 worker ants
  A hound zombie (D:6)
  13 mummies
  A howler monkey skeleton (D:7)
  8 adders
  2 shadow imps (D:7)
  An ooze (D:5)
  A worm (D:2)
  3 leopard geckos
  16 orcs
  3 giant cockroaches
  8 goblins
  12 hobgoblins
  5 jackals
  A quokka (D:5)
  5 bats
  5 frilled lizards
  2 gnoll skeletons (Ossuary)
  A goblin skeleton (Ossuary)
  11 kobolds
  3 kobold skeletons (Ossuary)
  2 orc skeletons (Ossuary)
  A quokka zombie (D:6)
  10 rats
  11 rat skeletons (Ossuary)
165 creatures vanquished.

Notes
Turn   | Place    | Note
-------+----------+-------------------------------------------
     0 | D:1      | Haldmier the High Elf Fire Elementalist began the quest for the Orb.
     0 | D:1      | Reached XP level 1. HP: 11/11 MP: 4/4
   327 | D:1      | Reached XP level 2. HP: 17/17 MP: 3/6
   403 | D:1      | Learned a level 2 spell: Throw Flame
   692 | D:2      | Noticed Jessica
   695 | D:2      | Killed Jessica
   695 | D:2      | Reached XP level 3. HP: 20/21 MP: 4/7
   716 | D:2      | Noticed Sigmund
  1021 | D:2      | Learned a level 3 spell: Conjure Flame
  1324 | D:2      | Reached XP level 4. HP: 26/27 MP: 5/8
  1619 | D:2      | Found a runed door.
  1623 | D:2      | Noticed Crazy Yiuf
  1629 | D:2      | Killed Crazy Yiuf
  2151 | D:3      | Found a faded altar of an unknown god.
  2394 | D:3      | Reached XP level 5. HP: 31/31 MP: 5/9
  2938 | D:4      | Found a glowing golden altar of the Shining One.
  3141 | D:4      | Found Xonus's Antique Armour Shop.
  3280 | D:4      | Bought a dull robe for 142 gold pieces
  3290 | D:4      | Identified the cursed +0 robe of Xyjoymm {rF+} (You bought it in a shop on level 4 of the Dungeon)
  3320 | D:5      | Entered Level 5 of the Dungeon
  3526 | D:5      | Noticed a sky beast
  3533 | D:5      | Killed a sky beast
  3533 | D:5      | Reached skill level 5 in Conjurations
  3533 | D:5      | Reached skill level 5 in Fire Magic
  3533 | D:5      | Reached XP level 6. HP: 36/36 MP: 0/10
  3878 | D:6      | Found a glowing drain.
  3879 | D:6      | Found a basalt altar of Yredelemnul.
  3969 | Sewer    | Entered a sewer
  4016 | Sewer    | Noticed Purgy
  4027 | Sewer    | Killed Purgy
  4027 | Sewer    | Reached XP level 7. HP: 5/41 MP: 0/11
  4386 | D:6      | Found Teqeseah's General Store.
  5078 | D:6      | Reached XP level 8. HP: 17/46 MP: 5/12
  5540 | D:6      | Learned a level 4 spell: Sticky Flame
  5597 | D:6      | Found a staircase to the Ecumenical Temple.
  5605 | Temple   | Entered the Ecumenical Temple
  5761 | Temple   | Became a worshipper of Vehumet
  6160 | D:7      | Reached skill level 1 in Fighting
  6213 | D:7      | Found a sand-covered staircase.
  6266 | Ossuary  | Entered an ossuary
  6443 | Ossuary  | Reached * piety under Vehumet
  6443 | Ossuary  | Offered knowledge of Freeze by Vehumet.
  6831 | D:7      | Found Atwi's Antique Weapon Shoppe.
  7297 | D:7      | Gained mutation: Your spells are a little harder to cast, but a little more powerful. [potion of beneficial mutation]
  7351 | D:7      | Noticed a hippogriff
  7352 | D:7      | Got a warped leather armour
  7370 | D:7      | Reached XP level 9. HP: 56/56 MP: 13/16
  7403 | D:7      | Identified the +0 leather armour of Grace {*Contam rPois Str+3} (You found it on level 7 of the Dungeon)
  7568 | D:7      | Reached ** piety under Vehumet
  7650 | D:7      | Offered knowledge of Sting by Vehumet.
  7712 | D:7      | Reached skill level 5 in Spellcasting
  7867 | D:7      | Slain by a mottled dragon

Skill      XL: |  1  2  3  4  5  6  7  8  9 |
---------------+----------------------------+-----
Conjurations   | 2 3 4 5 6 7 8 |  8.9
Fire Magic     | 4 5 6 8 |  8.3
Fighting       | 3 |  3.8
Spellcasting   | 4 5 |  5.3
Dodging        | |  2.1
Stealth        | |  2.1

Action                   |  1- 3 |  4- 6 |  7- 9 || total
-------------------------+-------+-------+-------++-------
Melee: Dagger            |     1 |    69 |       ||    70
       Short sword       |       |     7 |   105 ||   112
 Cast: Flame Tongue      |    37 |    98 |   170 ||   305
       Throw Flame       |       |     1 |     3 ||     4
       Conjure Flame     |       |     1 |     6 ||     7
       Sticky Flame      |       |       |     7 ||     7
Evoke: Wand              |       |       |     1 ||     1
  Use: Potion            |       |     1 |     1 ||     2
       Scroll            |       |       |    13 ||    13
 Stab: Sleeping          |       |     4 |     2 ||     6
  Eat: Chunk             |     1 |     9 |    13 ||    23
       Pizza             |       |       |     1 ||     1
Armor: Robe              |     1 |    25 |    23 ||    49
       Leather armour    |       |       |     9 ||     9
Dodge: Dodged            |    13 |    62 |    91 ||   166
